[Event "EYCC Open-U18 2019"]
[Site "Bratislava"]
[Date "2019.08.06"]
[Round "5.24"]
[White "Iliaguev, Nisim"]
[Black "Brozyna, Mateusz"]
[Result "1/2-1/2"]
[ECO "A20"]
[WhiteElo "2357"]
[BlackElo "2258"]
[Annotator "NA"]
[PlyCount "80"]
[EventDate "2019.08.02"]
[EventType "swiss"]
[EventCountry "SVK"]
[SourceTitle "playchess.com"]
[Source "ChessBase"]
[SourceQuality "1"]
[TimeControl "40/5400+30:1800+30"]

1. c4 e5 2. g3 Nf6 3. Bg2 c6 4. Nc3 d5 5. cxd5 cxd5 6. d4 exd4 7. Qxd4 Nc6 8. Qd1 d4 9. Ne4 Bf5 10. Nxf6+ Qxf6 11. Nf3 Bc5 12. O-O h6 13. Nd2 O-O 14. Ne4 Qe7 15. Nxc5 Qxc5 16. b3 Rfe8 17. Bb2 Rad8 18. Rc1 Qb5 19. Re1 Bg4 20. Rc4 Qa5 21. Bxc6 bxc6 22. b4 Qxa2 23. Rxd4 Rd5 24. Qd2 Qc4 25. Rxd5 cxd5 26. f3 Bf5 27. Kf2 Rb8 28. Bc3 d4 29. Qxd4 Qxd4+ 30. Bxd4 Rxb4 31. Bxa7 Rb1 32. Rxb1 Bxb1 33. e4 f5 34. e5 Kf7 35. Ke3 Ke6 36. Kd4 Ba2 37. Bc5 g6 38. Bf8 h5 39. Bg7 Bd5 40. Ke3 Ba2 {[%emt 0:00:00] Ke4 Kxe5+} 1/2-1/2

[Event "EYCC Open-U18 2019"]
[Site "Bratislava"]
[Date "2019.08.06"]
[Round "5.25"]
[White "Papp, Levente"]
[Black "Garanin, Aleksei"]
[Result "1-0"]
[ECO "A00"]
[WhiteElo "2362"]
[BlackElo "2192"]
[Annotator "NA"]
[PlyCount "65"]
[EventDate "2019.08.02"]
[EventType "swiss"]
[EventCountry "SVK"]
[SourceTitle "playchess.com"]
[Source "ChessBase"]
[SourceQuality "1"]
[TimeControl "40/5400+30:1800+30"]

1. g3 Nf6 2. Bg2 g6 3. c4 Bg7 4. Nc3 O-O 5. e4 e5 6. Nge2 d6 7. O-O c6 8. d3 Nh5 9. Be3 Be6 10. h3 f5 11. exf5 gxf5 12. f4 Nd7 13. Qd2 Kh8 14. Rad1 Rg8 15. Kh2 Qe8 16. Rg1 Qg6 17. d4 Bf6 18. Bh1 e4 19. d5 cxd5 20. Nxd5 Rad8 21. Nd4 Bxd5 22. cxd5 Nc5 23. g4 fxg4 24. hxg4 Ng7 25. f5 Be5+ 26. Kh3 Nxf5 27. Nxf5 h5 28. Bxc5 hxg4+ 29. Kg2 Qxf5 30. Qh6+ Qh7 31. Qxh7+ Kxh7 32. Bd4 Bf4 33. Kf2 1-0

[Event "EYCC Open-U18 2019"]
[Site "Bratislava"]
[Date "2019.08.06"]
[Round "5.26"]
[White "Jakab, Bela"]
[Black "Nordquelle, Daniel"]
[Result "0-1"]
[ECO "B51"]
[WhiteElo "2278"]
[BlackElo "2181"]
[Annotator "NA"]
[PlyCount "80"]
[EventDate "2019.08.02"]
[EventType "swiss"]
[EventCountry "SVK"]
[SourceTitle "playchess.com"]
[Source "ChessBase"]
[SourceQuality "1"]
[TimeControl "40/5400+30:1800+30"]

1. e4 c5 2. Nf3 d6 3. Bb5+ Nd7 4. O-O a6 5. Bd3 Ngf6 6. c3 g6 7. Bc2 Bg7 8. d4 Qc7 9. Re1 e5 10. a4 b6 11. Nbd2 cxd4 12. cxd4 O-O 13. b3 Bb7 14. Ba3 exd4 15. Rc1 Rfe8 16. Nxd4 d5 17. exd5 Nxd5 18. Bxg6 Qf4 19. Rxe8+ Rxe8 20. g3 Qxf2+ 21. Kxf2 Bxd4+ 22. Kf3 Re3+ 23. Kg4 Ne5+ 24. Kg5 f6+ 25. Kh6 hxg6 26. Nc4 Rd3 27. Qe2 Be3+ 28. Nxe3 Nxe3 29. Qxe3 Rxe3 30. Rc7 Ng4+ 31. Kxg6 Be4+ 32. Kh5 Nxh2 33. Bd6 Rd3 34. Bf4 Rd5+ 35. Kh4 Bf3 36. g4 Nxg4 37. Rc3 Bd1 38. Rc6 Rd4 39. Kg3 Rd3+ 40. Kh4 Rxb3 0-1

[Event "EYCC Open-U18 2019"]
[Site "Bratislava"]
[Date "2019.08.06"]
[Round "5.27"]
[White "Chatzieleftheriou, Andreas"]
[Black "Omorjan, Dejan"]
[Result "1-0"]
[ECO "B51"]
[WhiteElo "2208"]
[BlackElo "2317"]
[Annotator "NA"]
[PlyCount "107"]
[EventDate "2019.08.02"]
[EventType "swiss"]
[EventCountry "SVK"]
[SourceTitle "playchess.com"]
[Source "ChessBase"]
[SourceQuality "1"]
[TimeControl "40/5400+30:1800+30"]

1. e4 c5 2. Nf3 d6 3. Bb5+ Nd7 4. a4 Ngf6 5. Nc3 a6 6. Be2 e5 7. d3 Be7 8. O-O Nf8 9. Nd2 Ng6 10. Nc4 Be6 11. a5 O-O 12. Nb6 Rb8 13. Ncd5 Bxd5 14. Nxd5 Nxd5 15. exd5 Bg5 16. Be3 f5 17. Qc1 Bxe3 18. fxe3 Qh4 19. Qe1 Qh6 20. Qg3 Ne7 21. d4 cxd4 22. exd4 e4 23. Qf4 g5 24. Qe3 Qg6 25. Qh3 Kh8 26. c4 Qf6 27. Qe3 Qg6 28. Qh3 Rf6 29. Rad1 f4 30. Bg4 Kg7 31. Rfe1 e3 32. Qf3 Rh8 33. Bh5 Qf5 34. Bg4 Qc2 35. Qe2 Qxe2 36. Rxe2 h5 37. Be6 Rd8 38. Rf1 Nf5 39. Bxf5 Rxf5 40. Rxe3 fxe3 41. Rxf5 Kg6 42. Rf3 Re8 43. Kf1 g4 44. Rf4 Kg5 45. g3 e2+ 46. Ke1 h4 47. Rf2 hxg3 48. hxg3 Re4 49. b3 Re3 50. Rxe2 Rxb3 51. c5 Rd3 52. cxd6 Rxd4 53. d7 Rxd5 54. Rd2 1-0

[Event "EYCC Open-U18 2019"]
[Site "Bratislava"]
[Date "2019.08.06"]
[Round "5.28"]
[White "Mladek, Richard"]
[Black "Pektas, Yigit"]
[Result "1-0"]
[ECO "B12"]
[WhiteElo "2253"]
[BlackElo "2111"]
[Annotator "NA"]
[PlyCount "53"]
[EventDate "2019.08.02"]
[EventType "swiss"]
[EventCountry "SVK"]
[SourceTitle "playchess.com"]
[Source "ChessBase"]
[SourceQuality "1"]
[TimeControl "40/5400+30:1800+30"]

1. e4 c6 2. d4 d5 3. e5 c5 4. dxc5 Nc6 5. a3 e6 6. Nf3 a5 7. Be3 Nh6 8. Bb5 Nf5 9. Bd4 Bd7 10. Bxc6 Bxc6 11. O-O Qc7 12. Nc3 Be7 13. Re1 O-O 14. b4 Rfb8 15. g4 Nxd4 16. Nxd4 Be8 17. Ncb5 Bxb5 18. Nxb5 Qc6 19. Nd4 Qc7 20. c3 b6 21. c6 b5 22. f4 Ra6 23. Qd3 Qa7 24. Kg2 axb4 25. Nxb5 Rxb5 26. Qxb5 bxc3 27. c7 1-0

[Event "EYCC Open-U18 2019"]
[Site "Bratislava"]
[Date "2019.08.06"]
[Round "5.29"]
[White "Pirard, Natan"]
[Black "Halfhide, Sebastian"]
[Result "1/2-1/2"]
[ECO "C72"]
[WhiteElo "2153"]
[BlackElo "2286"]
[Annotator "NA"]
[PlyCount "82"]
[EventDate "2019.08.02"]
[EventType "swiss"]
[EventCountry "SVK"]
[SourceTitle "playchess.com"]
[Source "ChessBase"]
[SourceQuality "1"]
[TimeControl "40/5400+30:1800+30"]

1. e4 e5 2. Nf3 Nc6 3. Bb5 a6 4. Ba4 d6 5. O-O Bd7 6. Re1 g6 7. c3 Bg7 8. d4 Nf6 9. dxe5 Nxe5 10. Nxe5 dxe5 11. Bg5 b5 12. Bb3 O-O 13. a4 Qe7 14. Na3 h6 15. Bxf6 Bxf6 16. Nc2 Rfd8 17. Qe2 Be8 18. Nb4 c6 19. axb5 axb5 20. Rxa8 Rxa8 21. Rd1 Kg7 22. Qe3 Qa7 23. Qxa7 Rxa7 24. Nd3 Rd7 25. Kf1 Kf8 26. Ke2 Ra7 27. Ne1 Be7 28. Nc2 Bc5 29. Ra1 Rxa1 30. Nxa1 Ke7 31. Ba2 f5 32. Nb3 Bb6 33. Nd2 Kf6 34. b4 Bd7 35. Bb3 h5 36. h3 Ba7 37. Ba2 Bc8 38. Bb3 Bb7 39. Bc2 Bc8 40. Bb3 Ba6 41. Ba2 Bc8 1/2-1/2

[Event "EYCC Open-U18 2019"]
[Site "Bratislava"]
[Date "2019.08.06"]
[Round "5.30"]
[White "Heimisson, Hilmir Freyr"]
[Black "Gray, Euan"]
[Result "1-0"]
[ECO "A20"]
[WhiteElo "2279"]
[BlackElo "2004"]
[Annotator "NA"]
[PlyCount "129"]
[EventDate "2019.08.02"]
[EventType "swiss"]
[EventCountry "SVK"]
[SourceTitle "playchess.com"]
[Source "ChessBase"]
[SourceQuality "1"]
[TimeControl "40/5400+30:1800+30"]

1. c4 e5 2. g3 Nc6 3. Bg2 Nf6 4. Nf3 Bc5 5. Nc3 O-O 6. O-O d6 7. d3 h6 8. a3 Be6 9. b4 Bb6 10. Bb2 Nd7 11. Na4 Qe7 12. Rc1 a5 13. Qb3 Kh8 14. e3 Bg4 15. d4 axb4 16. axb4 Qf6 17. Nxb6 Nxb6 18. dxe5 dxe5 19. Nxe5 Nxe5 20. f4 Nbd7 21. fxe5 Qe7 22. Qc3 c6 23. Qd4 Be6 24. b5 Rfc8 25. bxc6 bxc6 26. Ra1 Rxa1 27. Rxa1 Qb4 28. Bf1 Rb8 29. Ba3 Qb3 30. Bd6 Rc8 31. c5 Re8 32. Bg2 Rc8 33. Rf1 Bc4 34. Ra1 Be6 35. h3 Bd5 36. Bxd5 Qxd5 37. Qxd5 cxd5 38. Rc1 Rc6 39. Kf2 Kg8 40. Ke2 Nf8 41. Bxf8 Kxf8 42. Kd3 Ke7 43. Kd4 Kd7 44. Rf1 Ra6 45. Kxd5 f6 46. Rb1 Kc7 47. Rb6 Ra3 48. exf6 gxf6 49. Rxf6 Rxe3 50. Rf7+ Kc8 51. Rg7 h5 52. Kd6 Rd3+ 53. Kc6 Kb8 54. Rg8+ Ka7 55. Kc7 h4 56. gxh4 Rxh3 57. Rg4 Ka6 58. c6 Rf3 59. Rg8 Ka7 60. Kc8 Rd3 61. h5 Kb6 62. c7 Ra3 63. Rg6+ Ka7 64. Kd7 Rd3+ 65. Rd6 1-0

[Event "EYCC Open-U18 2019"]
[Site "Bratislava"]
[Date "2019.08.06"]
[Round "5.31"]
[White "Bekasovs, Rihards"]
[Black "Crevatin, Leo"]
[Result "1/2-1/2"]
[ECO "A06"]
[WhiteElo "2144"]
[BlackElo "2146"]
[Annotator "NA"]
[PlyCount "93"]
[EventDate "2019.08.02"]
[EventType "swiss"]
[EventCountry "SVK"]
[SourceTitle "playchess.com"]
[Source "ChessBase"]
[SourceQuality "1"]
[TimeControl "40/5400+30:1800+30"]

1. Nf3 d5 2. c4 e6 3. e3 Nf6 4. b3 b6 5. Bb2 Bb7 6. Nc3 Nbd7 7. Be2 a6 8. O-O Bd6 9. Rc1 O-O 10. Qc2 Qe7 11. Rfd1 Rfd8 12. d3 Rac8 13. Nb1 e5 14. cxd5 Nxd5 15. Nc3 c5 16. Nxd5 Bxd5 17. Nd2 Nf6 18. Bf3 Bxf3 19. Nxf3 Nd5 20. Qc4 Nb4 21. a3 b5 22. Qe4 Nc6 23. b4 Na7 24. bxc5 Rxc5 25. Rxc5 Bxc5 26. Qxe5 Qf8 27. Qc7 Rc8 28. Qb7 Qd6 29. Rc1 Rb8 30. Qe4 Qf8 31. Qe5 Bd6 32. Qc3 b4 33. axb4 Bxb4 34. Qc2 Rc8 35. Qa4 a5 36. Nd4 h6 37. h3 Rxc1+ 38. Bxc1 Nc8 39. Bb2 Nb6 40. Qb5 Qc5 41. Qe8+ Qf8 42. Qe5 Na4 43. Ba1 Nc5 44. Nf5 f6 45. Qd5+ Qf7 46. Qd8+ Qf8 47. Qd5+ 1/2-1/2

[Event "EYCC Open-U18 2019"]
[Site "Bratislava"]
[Date "2019.08.06"]
[Round "5.32"]
[White "Kukas, Oliver"]
[Black "Golikov, Daniil"]
[Result "1-0"]
[ECO "C13"]
[WhiteElo "2082"]
[BlackElo "2257"]
[Annotator "NA"]
[PlyCount "141"]
[EventDate "2019.08.02"]
[EventType "swiss"]
[EventCountry "SVK"]
[SourceTitle "playchess.com"]
[Source "ChessBase"]
[SourceQuality "1"]
[TimeControl "40/5400+30:1800+30"]

1. e4 e6 2. d4 d5 3. Nc3 Nf6 4. Bg5 Be7 5. e5 Nfd7 6. h4 h6 7. Be3 c5 8. Qg4 Kf8 9. dxc5 Nxe5 10. Qg3 Nbc6 11. O-O-O Nd7 12. Nf3 Nxc5 13. Bf4 Bd7 14. Bc7 Qc8 15. Bb5 Be8 16. Rhe1 a6 17. Nxd5 exd5 18. Bxc6 Ne4 19. Rxe4 dxe4 20. Bxe4 h5 21. Qe5 Bc6 22. Bf5 Qe8 23. Nd4 Rh6 24. g3 Bb4 25. Qf4 Qe7 26. Nb3 Kg8 27. a3 Bc5 28. Nxc5 Qxc5 29. Be5 Re8 30. Bd4 Qe7 31. Bc3 Bb5 32. Qd4 Rf6 33. Qf4 Rc6 34. Re1 Qxe1+ 35. Bxe1 Rxe1+ 36. Kd2 Re2+ 37. Kd1 Re8 38. a4 Be2+ 39. Kc1 Rf6 40. Qg5 Bf3 41. Bd3 Ree6 42. Qc5 g6 43. b4 Kh7 44. Kb2 Rd6 45. b5 axb5 46. axb5 b6 47. Qe5 Kg7 48. Qe3 Rde6 49. Qd4 Kh7 50. Bc4 Rd6 51. Qe5 Kg7 52. Kc3 Rd7 53. Bb3 Ra7 54. Kb4 Ra8 55. c4 Rc8 56. Qc3 Rc5 57. Bc2 Be2 58. Bb3 g5 59. hxg5 Rxg5 60. Qe3 Rgf5 61. Qxe2 Rxf2 62. Qxh5 R2f5 63. Qg4+ Kf8 64. Qd4 Ke7 65. Bc2 Rc5 66. Be4 Rd6 67. Bd5 Rg6 68. Qe5+ Kf8 69. Qh8+ Ke7 70. Qh4+ Kf8 71. Qf4 1-0

[Event "EYCC Open-U18 2019"]
[Site "Bratislava"]
[Date "2019.08.06"]
[Round "5.33"]
[White "Zeman, Matyas"]
[Black "Kaspar, Lukas"]
[Result "1-0"]
[ECO "B06"]
[WhiteElo "2275"]
[BlackElo "1886"]
[Annotator "NA"]
[PlyCount "55"]
[EventDate "2019.08.02"]
[EventType "swiss"]
[EventCountry "SVK"]
[SourceTitle "playchess.com"]
[Source "ChessBase"]
[SourceQuality "1"]
[TimeControl "40/5400+30:1800+30"]

1. e4 d6 2. d4 g6 3. Nc3 Bg7 4. g3 a6 5. Bg2 Nd7 6. Nge2 Rb8 7. O-O c5 8. dxc5 Nxc5 9. Be3 Bd7 10. Bd4 Bxd4 11. Qxd4 Nf6 12. f4 O-O 13. h3 Qc8 14. Kh2 Ne6 15. Qd2 b5 16. a3 Qc5 17. e5 dxe5 18. fxe5 Qxe5 19. Rxf6 Qxf6 20. Qxd7 Rfd8 21. Qa7 Ng7 22. Nf4 Nf5 23. Re1 Qd6 24. Ne4 Qb6 25. Qxb6 Rxb6 26. g4 Nd6 27. Nd5 Rb7 28. Nxd6 1-0

[Event "EYCC Open-U18 2019"]
[Site "Bratislava"]
[Date "2019.08.06"]
[Round "5.34"]
[White "Vardanyan, Aras"]
[Black "Hurdzan, Tomas"]
[Result "0-1"]
[ECO "E91"]
[WhiteElo "2027"]
[BlackElo "2231"]
[Annotator "NA"]
[PlyCount "70"]
[EventDate "2019.08.02"]
[EventType "swiss"]
[EventCountry "SVK"]
[SourceTitle "playchess.com"]
[Source "ChessBase"]
[SourceQuality "1"]
[TimeControl "40/5400+30:1800+30"]

1. Nf3 Nf6 2. c4 g6 3. Nc3 Bg7 4. e4 d6 5. d4 O-O 6. Be2 Nbd7 7. O-O e5 8. Be3 c6 9. d5 c5 10. h3 Kh8 11. Ne1 Ng8 12. Qd2 Qe7 13. Nd3 Nb6 14. Nc1 f5 15. exf5 Bxf5 16. g4 Bd7 17. Ne4 Nf6 18. Qc2 Nxe4 19. Qxe4 Qh4 20. Kh2 Bh6 21. Bxh6 Qxh6 22. Nd3 Rae8 23. b3 Bc8 24. Qe3 Qg7 25. f3 Nd7 26. Nf2 Rf4 27. Ne4 Qe7 28. Kg3 Nf6 29. Bd3 Rf8 30. Rf2 Nxe4+ 31. Bxe4 Qg5 32. Re1 Kg7 33. Rh2 h5 34. Kg2 hxg4 35. hxg4 Bxg4 0-1

[Event "EYCC Open-U18 2019"]
[Site "Bratislava"]
[Date "2019.08.06"]
[Round "5.35"]
[White "Baranciuc, Alexandr"]
[Black "Ludvik, Tomas"]
[Result "0-1"]
[ECO "B40"]
[WhiteElo "1901"]
[BlackElo "2334"]
[Annotator "NA"]
[PlyCount "62"]
[EventDate "2019.08.02"]
[EventType "swiss"]
[EventCountry "SVK"]
[SourceTitle "playchess.com"]
[Source "ChessBase"]
[SourceQuality "1"]
[TimeControl "40/5400+30:1800+30"]

1. e4 c5 2. Nf3 e6 3. b3 d6 4. Bb5+ Nd7 5. d4 Qa5+ 6. Nc3 Qxc3+ 7. Bd2 Qb2 8. a4 cxd4 9. b4 d3 10. Bxd3 Qf6 11. Bg5 Qc3+ 12. Bd2 Qc7 13. O-O Ngf6 14. Nd4 Be7 15. f4 b6 16. Ra3 Bb7 17. Qe2 Rc8 18. g4 d5 19. Nb5 Qb8 20. f5 dxe4 21. fxe6 Ne5 22. exf7+ Kf8 23. Bf4 Nf3+ 24. Rxf3 exf3 25. Qd2 Qa8 26. Bf5 Kxf7 27. Qe3 Be4 28. Bxc8 Qxc8 29. Bg3 Qxc2 30. Bf2 Nd5 31. Qe1 Nf4 0-1

[Event "EYCC Open-U18 2019"]
[Site "Bratislava"]
[Date "2019.08.06"]
[Round "5.36"]
[White "Stijve, Theo"]
[Black "Triantos, Konstantinos"]
[Result "0-1"]
[ECO "A05"]
[WhiteElo "2336"]
[BlackElo "2129"]
[Annotator "NA"]
[PlyCount "86"]
[EventDate "2019.08.02"]
[EventType "swiss"]
[EventCountry "SVK"]
[SourceTitle "playchess.com"]
[Source "ChessBase"]
[SourceQuality "1"]
[TimeControl "40/5400+30:1800+30"]

1. Nf3 Nf6 2. g3 e6 3. Bg2 d5 4. O-O Be7 5. d4 O-O 6. c4 c6 7. Nc3 b6 8. Nd2 Ba6 9. b3 b5 10. Bb2 Nbd7 11. Qc2 Rc8 12. Rfe1 bxc4 13. bxc4 dxc4 14. e4 Nb6 15. Rad1 Qc7 16. a4 Rfd8 17. a5 Nbd7 18. Qa4 Rb8 19. Qa2 c5 20. e5 cxd4 21. exf6 Nxf6 22. Nde4 dxc3 23. Bxc3 Nd5 24. Ba1 c3 25. Qc2 Bc4 26. Rc1 Bb3 27. Qe2 Ba3 28. Rxc3 Nxc3 29. Bxc3 e5 30. Qg4 Be7 31. f4 Bc5+ 32. Kh1 Bd4 33. Nf6+ Kh8 34. Nh5 f5 35. Qxf5 Qxc3 36. Rf1 Qc2 37. Qg5 Qg6 38. Qh4 Bd5 39. Bxd5 Rxd5 40. fxe5 Rxe5 41. Qxd4 Rxh5 42. Qxa7 Qxg3 43. Rg1 Qxh2# 0-1

[Event "EYCC Open-U18 2019"]
[Site "Bratislava"]
[Date "2019.08.06"]
[Round "5.37"]
[White "Storme, Isak"]
[Black "Toquero Gracia, Pau"]
[Result "1-0"]
[ECO "B40"]
[WhiteElo "2330"]
[BlackElo "2080"]
[Annotator "NA"]
[PlyCount "99"]
[EventDate "2019.08.02"]
[EventType "swiss"]
[EventCountry "SVK"]
[SourceTitle "playchess.com"]
[Source "ChessBase"]
[SourceQuality "1"]
[TimeControl "40/5400+30:1800+30"]

1. e4 c5 2. Nf3 e6 3. b3 d6 4. Bb2 Nf6 5. e5 dxe5 6. Nxe5 Nbd7 7. f4 g6 8. Qf3 Bg7 9. Nxd7 Qxd7 10. Nc3 O-O 11. O-O-O a6 12. Na4 Qd5 13. Qxd5 Nxd5 14. Bxg7 Kxg7 15. g3 Bd7 16. Nxc5 Bc6 17. Rg1 Rac8 18. Nd3 Rfd8 19. Kb2 Ne7 20. Ne5 Be4 21. Bd3 Bxd3 22. Nxd3 Nf5 23. Ne5 h5 24. Rge1 Rc7 25. Re4 Rcc8 26. Rc4 Rxc4 27. Nxc4 Nd4 28. d3 Nf3 29. h3 Nd4 30. Rd2 b5 31. Ne3 Nc6 32. c3 e5 33. fxe5 Nxe5 34. d4 Nf3 35. Rd3 Re8 36. Nf5+ gxf5 37. Rxf3 Re2+ 38. Ka3 Kg6 39. d5 Kg5 40. c4 Rc2 41. d6 Rd2 42. c5 Kf6 43. Rc3 Rd4 44. b4 a5 45. c6 axb4+ 46. Kb3 bxc3 47. c7 Rc4 48. d7 c2 49. d8=Q+ Kg6 50. c8=Q 1-0

[Event "EYCC Open-U18 2019"]
[Site "Bratislava"]
[Date "2019.08.06"]
[Round "5.38"]
[White "Tisaj, Domen"]
[Black "Joensson, Jacob"]
[Result "1-0"]
[ECO "D04"]
[WhiteElo "2232"]
[BlackElo "1981"]
[Annotator "NA"]
[PlyCount "69"]
[EventDate "2019.08.02"]
[EventType "swiss"]
[EventCountry "SVK"]
[SourceTitle "playchess.com"]
[Source "ChessBase"]
[SourceQuality "1"]
[TimeControl "40/5400+30:1800+30"]

1. d4 Nf6 2. Nf3 d5 3. e3 Bg4 4. c4 e6 5. Nc3 c6 6. h3 Bh5 7. g4 Bg6 8. Ne5 dxc4 9. Bxc4 Nbd7 10. Nxg6 hxg6 11. Qf3 Nb6 12. Bb3 Qd7 13. g5 Nfd5 14. e4 Nxc3 15. bxc3 Rh4 16. a4 a5 17. Be3 Qc7 18. Qg3 Qxg3 19. fxg3 Rh8 20. h4 Bd6 21. Kf2 Ke7 22. Rab1 Nd7 23. e5 Bc7 24. Bc2 Rab8 25. Kg2 b5 26. Be4 bxa4 27. Bxc6 a3 28. Bb5 a2 29. Rb3 Nb6 30. c4 a4 31. Ra3 Nd5 32. cxd5 exd5 33. Bxa4 Rb2+ 34. Kf3 Rb1 35. Rc1 1-0

[Event "EYCC Open-U18 2019"]
[Site "Bratislava"]
[Date "2019.08.06"]
[Round "5.39"]
[White "Polczyk, Mikolaj"]
[Black "Castillo Dalmau, Albert"]
[Result "1/2-1/2"]
[ECO "E16"]
[WhiteElo "2111"]
[BlackElo "2252"]
[Annotator "NA"]
[PlyCount "71"]
[EventDate "2019.08.02"]
[EventType "swiss"]
[EventCountry "SVK"]
[SourceTitle "playchess.com"]
[Source "ChessBase"]
[SourceQuality "1"]
[TimeControl "40/5400+30:1800+30"]

1. d4 Nf6 2. c4 e6 3. Nf3 Bb4+ 4. Bd2 Qe7 5. g3 Bxd2+ 6. Qxd2 Nc6 7. Bg2 Ne4 8. Qc2 Qb4+ 9. Kf1 d5 10. e3 O-O 11. Nbd2 f5 12. a3 Qe7 13. b4 Bd7 14. h4 Be8 15. Kg1 a6 16. Bf1 h6 17. Rc1 Rc8 18. Kg2 g5 19. hxg5 hxg5 20. Bd3 Kg7 21. Rh2 g4 22. Ng1 Nd8 23. cxd5 exd5 24. Ne2 Ne6 25. Rch1 Bg6 26. Nf4 Nxf4+ 27. gxf4 Nd6 28. Nf1 c6 29. Ng3 Qe6 30. Qc5 Rh8 31. Qc1 Rxh2+ 32. Rxh2 Rh8 33. Rxh8 Kxh8 34. Qh1+ Kg7 35. Qh4 Qf6 36. Qxf6+ 1/2-1/2

[Event "EYCC Open-U18 2019"]
[Site "Bratislava"]
[Date "2019.08.06"]
[Round "5.40"]
[White "Johannsson, Birkir Isak"]
[Black "Akdogan, Alperen"]
[Result "0-1"]
[ECO "A05"]
[WhiteElo "1988"]
[BlackElo "2193"]
[Annotator "NA"]
[PlyCount "68"]
[EventDate "2019.08.02"]
[EventType "swiss"]
[EventCountry "SVK"]
[SourceTitle "playchess.com"]
[Source "ChessBase"]
[SourceQuality "1"]
[TimeControl "40/5400+30:1800+30"]

1. Nf3 Nf6 2. c4 c6 3. Nc3 d5 4. d4 Bf5 5. cxd5 Nxd5 6. g3 e6 7. Bg2 Be7 8. O-O Nd7 9. Re1 Nxc3 10. bxc3 Be4 11. Bf4 O-O 12. Ne5 Bxg2 13. Kxg2 c5 14. Qb3 Nxe5 15. Bxe5 Qd7 16. e4 Rac8 17. Rad1 c4 18. Qc2 b5 19. d5 f6 20. Bf4 e5 21. Be3 Bd6 22. a4 b4 23. cxb4 Bxb4 24. Re2 a5 25. f4 Qd6 26. fxe5 fxe5 27. Rf1 Rxf1 28. Kxf1 c3 29. Qd3 Qc7 30. Rc2 Qd7 31. Qb5 Qg4 32. Qd3 Qf3+ 33. Kg1 Bc5 34. Re2 c2 0-1

[Event "EYCC Open-U18 2019"]
[Site "Bratislava"]
[Date "2019.08.06"]
[Round "5.41"]
[White "Panko, Eduard"]
[Black "Mirri, Pietro"]
[Result "0-1"]
[ECO "C00"]
[WhiteElo "2024"]
[BlackElo "2194"]
[Annotator "NA"]
[PlyCount "120"]
[EventDate "2019.08.02"]
[EventType "swiss"]
[EventCountry "SVK"]
[SourceTitle "playchess.com"]
[Source "ChessBase"]
[SourceQuality "1"]
[TimeControl "40/5400+30:1800+30"]

1. e4 e6 2. b3 d5 3. Bb2 Nf6 4. e5 Nfd7 5. f4 c5 6. Qg4 Nc6 7. Nf3 Nb6 8. Na3 a6 9. Bd3 Bd7 10. Ng5 g6 11. h4 h5 12. Qg3 Rg8 13. Be2 Be7 14. c3 Rc8 15. Nc2 Bxg5 16. hxg5 Ne7 17. Qf2 Bb5 18. Bxb5+ axb5 19. d4 Nd7 20. Rh3 Nf5 21. Ne3 Nxe3 22. Qxe3 Qb6 23. Qd2 Nb8 24. Ba3 Na6 25. Bxc5 Nxc5 26. dxc5 Qxc5 27. Qe3 Ke7 28. Qxc5+ Rxc5 29. Kd2 Rgc8 30. Rc1 b4 31. Rc2 b5 32. Rf3 Kd7 33. Rd3 R8c6 34. g3 Kc7 35. Rc1 Kb6 36. a3 bxa3 37. b4 Rc4 38. Ra1 d4 39. Rxa3 dxc3+ 40. Rdxc3 Rd4+ 41. Kc2 Rxb4 42. Rxc6+ Kxc6 43. Ra7 h4 44. gxh4 Rxf4 45. Kd3 Kc5 46. Ke3 Rf5 47. Ke4 b4 48. Rc7+ Kb5 49. Rb7+ Kc4 50. Rc7+ Kb3 51. h5 gxh5 52. g6 fxg6 53. Rc6 Ka2 54. Rxe6 b3 55. Rxg6 Rf1 56. Ra6+ Kb1 57. Kd3 b2 58. Kd2 Rf2+ 59. Kd1 Rf5 60. Re6 h4 0-1

[Event "EYCC Open-U18 2019"]
[Site "Bratislava"]
[Date "2019.08.06"]
[Round "5.42"]
[White "Ghersinich, Enrico"]
[Black "Durica, Adam"]
[Result "0-1"]
[ECO "C41"]
[WhiteElo "2221"]
[BlackElo "1958"]
[Annotator "NA"]
[PlyCount "152"]
[EventDate "2019.08.02"]
[EventType "swiss"]
[EventCountry "SVK"]
[SourceTitle "playchess.com"]
[Source "ChessBase"]
[SourceQuality "1"]
[TimeControl "40/5400+30:1800+30"]

1. e4 e5 2. Nf3 d6 3. d4 Nd7 4. Bc4 c6 5. a4 Be7 6. O-O Ngf6 7. Nc3 O-O 8. h3 Qc7 9. Re1 b6 10. Bf1 Bb7 11. g4 Rfd8 12. Bg2 Rac8 13. Qe2 Nf8 14. Nd1 Ne6 15. c3 Rf8 16. Ng5 exd4 17. Nxe6 fxe6 18. cxd4 e5 19. g5 Ne8 20. d5 cxd5 21. exd5 g6 22. Nc3 Ng7 23. f4 exf4 24. Bxf4 Rxf4 25. Qxe7 Qc5+ 26. Kh2 Rc7 27. Qe2 Rf2 28. Qe4 Rxb2 29. Ne2 Qc2 30. Qf4 Qc5 31. Rac1 Rf7 32. Rxc5 Rxf4 33. Rc7 Rf7 34. Rxf7 Kxf7 35. Nc3 Nf5 36. Kg1 Nh4 37. Be4 Ba6 38. Rc1 Bd3 39. Nd1 Rd2 40. Bh1 Be2 41. Rc7+ Kg8 42. Ne3 Bf3 43. Ng4 Rd1+ 44. Kf2 Bxh1 45. Nf6+ Kf8 46. Nxh7+ Kg8 47. Nf6+ Kf8 48. Nh7+ Ke8 49. Rxa7 Nf5 50. Nf6+ Kd8 51. Rb7 Rd2+ 52. Ke1 Rb2 53. a5 Kc8 54. a6 Bf3 55. Nd7 Re2+ 56. Kd1 Ra2+ 57. Ke1 Rxa6 58. Rxb6 Rxb6 59. Nxb6+ Kc7 60. Na4 Bxd5 61. Kf2 Kc6 62. Nb2 Be4 63. Nc4 Kc5 64. Na5 Bd5 65. h4 Kb5 66. h5 gxh5 67. Nb3 Bxb3 68. Kf3 Bc2 69. Kf4 Nh4 70. g6 Nxg6+ 71. Kg5 h4 72. Kg4 d5 73. Kf3 d4 74. Ke2 h3 75. Kf2 d3 76. Ke3 h2 0-1

[Event "EYCC Open-U18 2019"]
[Site "Bratislava"]
[Date "2019.08.06"]
[Round "5.43"]
[White "Brinovec, David"]
[Black "Cordeiro, Joao Carlos Santos F"]
[Result "1-0"]
[ECO "A45"]
[WhiteElo "2205"]
[BlackElo "1924"]
[Annotator "NA"]
[PlyCount "61"]
[EventDate "2019.08.02"]
[EventType "swiss"]
[EventCountry "SVK"]
[SourceTitle "playchess.com"]
[Source "ChessBase"]
[SourceQuality "1"]
[TimeControl "40/5400+30:1800+30"]

1. d4 Nf6 2. Bf4 d5 3. e3 e6 4. c3 Bd6 5. Bg3 O-O 6. Nd2 c5 7. Bd3 Nc6 8. Ngf3 b6 9. e4 Be7 10. e5 Nh5 11. Ng5 g6 12. Nxh7 Re8 13. Qg4 Kxh7 14. Qxh5+ Kg7 15. Qg4 Rh8 16. O-O cxd4 17. cxd4 Nb4 18. Be2 Bb7 19. a3 Nc6 20. Nb3 a5 21. Rac1 a4 22. Nd2 Bg5 23. f4 Bh4 24. Nf3 Bxg3 25. Qxg3 Na5 26. Ng5 Nb3 27. Rcd1 Ba6 28. Bxa6 Rxa6 29. f5 exf5 30. Rxf5 Ra7 31. Rxf7+ 1-0

[Event "EYCC Open-U18 2019"]
[Site "Bratislava"]
[Date "2019.08.06"]
[Round "5.44"]
[White "Sousa, Hugo Carneiro"]
[Black "Novosel, Marko"]
[Result "1/2-1/2"]
[ECO "B16"]
[WhiteElo "2130"]
[BlackElo "1981"]
[Annotator "NA"]
[PlyCount "101"]
[EventDate "2019.08.02"]
[EventType "swiss"]
[EventCountry "SVK"]
[SourceTitle "playchess.com"]
[Source "ChessBase"]
[SourceQuality "1"]
[TimeControl "40/5400+30:1800+30"]

1. e4 c6 2. d4 d5 3. Nc3 dxe4 4. Nxe4 Nf6 5. Nxf6+ gxf6 6. Nf3 Bg4 7. c3 e6 8. g3 h5 9. h3 Bxf3 10. Qxf3 Nd7 11. Bg2 Bd6 12. O-O h4 13. Bf4 Qc7 14. Bxd6 Qxd6 15. g4 O-O-O 16. b4 f5 17. gxf5 Rdg8 18. Kh1 Rg5 19. fxe6 fxe6 20. a4 Rhg8 21. Rg1 Rf8 22. Qe2 Rgf5 23. Raf1 Nf6 24. b5 cxb5 25. Rb1 b4 26. Rxb4 Nd5 27. Rb2 Rxf2 28. Qxf2 Rxf2 29. Rxf2 Nf4 30. Be4 e5 31. Rg8+ Kd7 32. Rg7+ Ke8 33. Rxb7 Qa3 34. Rfb2 exd4 35. R7b3 Qxa4 36. cxd4 Qxd4 37. Bb7 Qd1+ 38. Kh2 Qd6 39. Kh1 Qd1+ 40. Kh2 Qd6 41. Rb1 Nd3+ 42. Kh1 Qg3 43. Bg2 Nf2+ 44. Kg1 Nxh3+ 45. Kh1 Nf2+ 46. Kg1 Nd3 47. Rb8+ Ke7 48. R1b7+ Kd6 49. Rd8+ Kc5 50. Rd5+ Kc4 51. Rxd3 1/2-1/2